 Dungeon Crawl Stone Soup version 0.31.0-1-g2c135a0 (webtiles) character file.

Game seed: 16049009593272239337

800916 bonscott the Sorcerer (level 27, -25/194 (225) HPs)
             Began as a Djinni Conjurer on Jan 21, 2024.
             Was the Champion of Makhleb.
             Annihilated by a caustic shrike (30 damage)
             ... on level 1 of the Iron City of Dis on Feb 3, 2024.
             The game lasted 19:22:21 (69735 turns).

bonscott the Sorcerer (Djinni Conjurer)            Turns: 69735, Time: 19:22:21

HP:   -25/194 (225) AC: 11    Str: 16      XL:     27
Gold: 4666          EV: 25    Int: 30 (31) God:    Makhleb [******] SH: 10 Dex: 13

rFire   + + .        a - +1 flail "Suyjopp" {spect, rC+ Str+2 SInv}
rCold   + + +        d - +2 buckler "Muolacki" {Regen+ Str+4}
rNeg    + + +        F - +5 ring mail of Tortured Knowledge {rC+++ Regen+ Int-2 Stlth+}
rPois   ∞            G - +3 crown of Dyrovepreva {rElec Int+2 SInv}
rElec   +            x - +0 cloak "Mefupem" {Will+}
rCorr   +            J - +2 pair of gloves
SInv    +            (boots unavailable)
Will    ++++.        K - amulet of regeneration
Stlth   ++           g - ring "Hecrid" {^Contam rN+ rCorr EV+5 Str+2}
HPRegen 2.92/turn    E - ring of the Tortoise {AC+8}
MPRegen 0.00/turn

%: infuse magic (-26 HP)
@: death-form, corroded, on siphon cooldown, flying, studying 5 skills, heavily
drained
A: vile attack, torment immunity, no potions, flying, sickness immunity, fire
resistance 2, cold vulnerability 1, float, innate caster, HP casting, extra
vitality 1, see invisible, deformed body, robust 1, subdued magic 2
}: 7/15 runes: serpentine, barnacled, slimy, silver, obsidian, icy, abyssal
a: Siphon Essence, Begin Untransformation, Renounce Religion, Minor Destruction,
Lesser Servant of Makhleb, Major Destruction, Greater Servant of Makhleb


You were on level 1 of the Iron City of Dis.
You worshipped Makhleb.
Makhleb was exalted by your worship.
You were an undying horror.
You visited 14 branches of the dungeon, and saw 66 of its levels.
You visited the Abyss 7 times.
You also visited: Bailey and Ice Cave.

You collected 9864 gold pieces.
You spent 5198 gold pieces at shops.

Inventory:

Hand Weapons
 a - the +1 flail "Suyjopp" (weapon) {spect, rC+ Str+2 SInv}
   (You found it on level 2 of the Lair of Beasts)

   Str+2:     It affects your strength (+2).
   rC+:       It protects you from cold.
   SInv:      It lets you see invisible.
 c - the +8 scimitar of Deleimon {elec, Will+++ Str-3 Dex+6}
   (You took it off a tengu reaver on level 5 of the Vaults)

   Str-3:     It affects your strength (-3).
   Dex+6:     It affects your dexterity (+6).
   Will+++:   It greatly increases your willpower.
 M - the +3 hand axe of Wuderonk {antimagic, +Blink rF- Int+7 Stlth-}
   (You found it on level 5 of the Pits of Slime)

   Int+7:     It affects your intelligence (+7).
   rF-:       It makes you vulnerable to fire.
   +Blink:    It lets you blink.
   Stlth-:    It makes you less stealthy.
Missiles
 s - 5 curare-tipped darts
 R - 5 throwing nets
 U - 9 silver javelins
Armour
 d - the +2 buckler "Muolacki" (worn) {Regen+ Str+4}
   (You found it on level 5 of the Vaults)

   Str+4:     It affects your strength (+4).
   Regen+:    It increases your rate of health regeneration.
 x - the +0 cloak "Mefupem" (worn) {Will+}
   (You found it on level 4 of the Vaults)

   Will+:     It increases your willpower.
 F - the +5 ring mail of Tortured Knowledge (worn) {rC+++ Regen+ Int-2 Stlth+}
   (You found it on level 7 of the Dungeon)

   Int-2:     It affects your intelligence (-2).
   rC+++:     It renders you almost immune to cold.
   Regen+:    It increases your rate of health regeneration.
   Stlth+:    It makes you more stealthy.
 G - the +3 crown of Dyrovepreva (worn) {rElec Int+2 SInv}
   (You found it on level 3 of the Crypt)

   Int+2:     It affects your intelligence (+2).
   rElec:     It insulates you from electricity.
   SInv:      It lets you see invisible.
 J - a +2 pair of gloves (worn)
Magical Staves
 b - the staff of Integrity {rF+ Will+ Fire}
   (You found it on level 15 of the Dungeon)

   [staff of fire]

   Base accuracy: +5 Base damage: 5 Base attack delay: 1.2 This weapon's minimum
   attack delay (0.6) is reached at skill level 12.
   rF+:       It protects you from fire.
   Will+:     It increases your willpower.
   Fire:      It increases the power of your Fire spells.
   It falls into the 'Staves' category.
   It is a one-handed weapon.
Jewellery
 g - the ring "Hecrid" (left hand) {^Contam rN+ rCorr EV+5 Str+2}
   (You found it on level 1 of the Crypt)

   [ring of evasion]

   EV+5:      It affects your evasion (+5).
   Str+2:     It affects your strength (+2).
   rN+:       It protects you from negative energy.
   ^Contam:   It causes magical contamination when unequipped.
   rCorr:     It protects you from acid and corrosion.
 C - a ring of wizardry
 D - the ring "Qiadosh" {rElec rC- rN++ MP+9}
   (You bought it in a shop on level 8 of the Dungeon)

   [ring of magical power]

   rC-:       It makes you vulnerable to cold.
   rElec:     It insulates you from electricity.
   rN++:      It greatly protects you from negative energy.
   MP+9:      It affects your magic capacity (+9).
 E - the ring of the Tortoise (right hand) {AC+8}
   (You bought it in a shop on level 2 of the Dungeon)

   [ring of protection]

   AC+8:      It affects your AC (+8).
 K - an amulet of regeneration (around neck)
Talismans
 Z - a talisman of death (active)
Wands
 e - a wand of digging (13)
 o - a wand of quicksilver (43)
 r - a wand of charming (77)
 N - a wand of mindburst (12)
 S - a wand of roots (43)
Scrolls
 j - 10 scrolls of fear
 m - 4 scrolls of silence
 n - 11 scrolls of vulnerability
 q - 7 scrolls of poison
 v - 2 scrolls of immolation
 B - 5 scrolls of revelation
 L - 7 scrolls of fog
 O - 6 scrolls of blinking
 P - 16 scrolls of teleportation
 T - 3 scrolls of butterflies
 X - 4 scrolls of torment
Potions
 h - 3 potions of resistance
 k - 5 potions of haste
 l - 8 potions of mutation
 p - 2 potions of brilliance
 t - 7 potions of cancellation
 u - 17 potions of curing
 w - 6 potions of ambrosia
 y - 4 potions of lignification
 H - 2 potions of might
 I - 7 potions of enlightenment
 V - 17 potions of heal wounds
 Y - 3 potions of invisibility
Miscellaneous
 f - a condenser vane
 i - a phantom mirror (inert)
 Q - a lightning rod (4/4)
 W - a box of beasts (inert)


   Skills:
 - Level 20.0 Fighting
 - Level 16.0 Armour
 - Level 21.0 Dodging
 - Level 1.5 Stealth
 - Level 16.0 Shields
 - Level 0.1 Unarmed Combat
 + Level 26.5 Spellcasting
 + Level 26.5 Conjurations
 + Level 26.5 Hexes
 + Level 26.5 Summonings
 + Level 26.5 Necromancy
 + Level 26.5 Translocations
 + Level 26.5 Fire Magic
 + Level 26.5 Ice Magic
 + Level 26.5 Air Magic
 + Level 26.5 Earth Magic
 + Level 26.5 Alchemy
 - Level 10.0 Evocations
 - Level 23.0 Shapeshifting


You knew the following spells:

 Your Spells              Type           Power      Damage    Failure   Level
a - Ensorcelled Hibernat  Hex/Ice        100%       N/A       0%          2
b - Sandblast             Erth           100%       2d20      0%          1
c - Freezing Cloud        Conj/Ice/Air   45%        6-21      0%          5
d - Magic Dart            Conj           100%       1d8       0%          1
e - Airstrike             Air            45%        2d(7-23)  0%          4
f - Fulminant Prism       Conj/Alch      45%        3d21      0%          4
g - Summon Cactus Giant   Summ           45%        N/A       0%          6
h - Summon Hydra          Summ           45%        N/A       0%          7
i - Infestation           Necr           45%        N/A       1%          8
j - Disjunction           Tloc           45%        N/A       1%          8
k - Shatter               Erth           45%        3d35*     1%          9
l - Fugue of the Fallen   Necr           90%        N/A       0%          3
m - Iskenderun's Mystic   Conj/Tloc      90%        2d18      0%          4
r - Searing Ray           Conj           100%       2d8       0%          2
s - Starburst             Conj/Fire      45%        6d13      0%          6
t - Summon Horrible Thin  Summ           45%        N/A       1%          8
v - Vhi's Electric Charg  Tloc/Air       100%       N/A       0%          4
Your spell library was empty.

Dungeon Overview and Level Annotations

Branches:
Dungeon (15/15)            Temple (0/1) D:7            Lair (5/5) D:10
 Shoals (4/4) Lair:3        Snake (4/4) Lair:3        Slime (5/5) Lair:5
    Orc (2/2) D:12            Elf (3/3) Orc:2        Vaults (5/5) D:13
  Crypt (3/3) Vaults:3       Tomb (0/3) Crypt:3      Depths (4/4) D:15
   Hell (visited)             Dis (1/7) Hell            Geh (7/7) Hell
    Coc (7/7) Hell            Tar (0/7) Hell            Zot (0/5) Depths:4
 Bailey (visited)           IceCv (visited)

Altars:
Ashenzari
Dithmenos
Fedhas
Gozag
Makhleb
Nemelex Xobeh
Okawaru
Qazlal
Trog
Xom
Yredelemnul
Zin
The Shining One
Jiyva

Shops:
D:1 [   D:2 =   D:5 !   D:6 [   D:7 [   D:8 *   Orc:1 *   Orc:2 ***=(   Elf:1 *
Elf:3 [   Shoals:2 ?   Shoals:3 **   Snake:2 *   Snake:3 !   Vaults:5 ?=

Portals:
Hell: Depths:1 Depths:2 Depths:3 Depths:4
Abyss: Elf:1 Depths:2 Depths:3 Depths:4
Pandemonium: Orc:2 Depths:2 Depths:3 Depths:4
Ziggurat: Depths:3

Annotations:
Elf:1 2 transporters
Crypt:1 1 runed door
Depths:4 2 runed translucent doors
Geh:7 Asmodeus


Innate Abilities, Weirdness & Mutations

You are an undying horror.
Your melee and unarmed attacks drain, slow and weaken victims.
You are immune to unholy pain and torment.
You cannot drink.
You are flying.
You are immune to sickness and miasma.
You are immune to poison.
Your flesh is very heat resistant. (rF++)
You are vulnerable to cold. (rC-)
You float through the air rather than walking.
You learn spells naturally, not from books.
Your magical power is your life essence.
You have superior vitality. (+4 MHP)
You have supernaturally acute eyesight. (SInv)
Armour fits poorly on your strangely shaped body.
You are robust. (+10% HP)
Your spells are easier to cast, but less powerful.


Message History

The caustic shrike misses you.
Casting: Starburst (safe; 0% risk of failure)
Confirm with . or Enter, or press ? or * to list all spells.
You don't know that spell.
Casting: Starburst (safe; 0% risk of failure)
Confirm with . or Enter, or press ? or * to list all spells.
The dungeon rumbles!
The caustic shrike is severely wounded. x3
The caustic shrike is almost dead.
The caustic shrike is severely wounded.
A door shatters! x2
Ka-crash!
You hear a loud squeak. x2
The caustic shrike completely misses you.
The caustic shrike misses you.
The caustic shrike completely misses you.
You block the caustic shrike's attack. The caustic shrike claws you!
You are splashed with acid.
You resist. The caustic shrike claws you!
You are splashed with acid.
You resist. The caustic shrike barely misses you.
The caustic shrike claws you but does no damage.
Casting: Shatter (dangerous; 1% risk of failure)
Confirm with . or Enter, or press ? or * to list all spells.
The dungeon rumbles!
The caustic shrike is almost dead. x3
Ka-crash!
The caustic shrike misses you. The caustic shrike closely misses you.
The caustic shrike claws you!!
* * * LOW HITPOINT WARNING * * *
You are splashed with acid.
You resist.
* * * LOW HITPOINT WARNING * * *
The caustic shrike claws you!!
* * * LOW HITPOINT WARNING * * *
You are splashed with acid.
You resist.
* * * LOW HITPOINT WARNING * * *
A war gargoyle comes into view. It is wielding a +1 heavy flail.
The caustic shrike claws you!
* * * LOW HITPOINT WARNING * * *
You are splashed with acid.
You resist.
* * * LOW HITPOINT WARNING * * *
The caustic shrike claws you!!
You die...

. .. ...
.9 ##
##.#.###.
......b.##
#..bz.#
#..bb##
#...b.
#....##
#....#
#....#
#....#
###.##


You could see 5 caustic shrikes and a war gargoyle.

Vanquished Creatures
  Antaeus (Coc:7)
  the Royal Jelly (Slime:5)
  A dread lich (Geh:6)
  An ancient lich (Abyss:3)
  15 shard shrikes
  Saint Roka (Snake:3)
  Bai Suzhen (Snake:3)
  Vashnia (Snake:3)
  Jory (Vaults:3)
  4 bone dragons (Abyss:3)
  2 Brimstone Fiends (Geh:6)
  16 Ice Fiends
  11 hellephants
  32 searing wretches
  A Hell Sentinel (Abyss:3)
  2 deep elf master archers
  5 titans
  4 deep elf blademasters
  Frances (D:13)
  4 acid blobs (Slime:5)
  6 tentacled starspawn (Abyss:3)
  An Executioner (Abyss:3)
  4 ancient champions (Hell)
  A tengu reaver (Depths:2)
  Donald (Snake:1)
  9 nagarajas (Snake:4)
  10 fire giants
  A daeva (Elf:1)
  16 narguns
  11 azure jellies
  The ghost of Jussuw Iff the Bringer of Law, an adept KoGl of Zin (D:15)
  2 deep elf elementalists
  12 vault wardens
  2 frost giants
  3 deep elf sorcerers (Elf:3)
  9 balrugs
  An emperor scorpion (D:15)
  2 shard shrike simulacra
  A cacodemon (Hell)
  3 reapers (Hell)
  6 quicksilver oozes
  2 formless jellyfish
  16 ironbound preservers
  6 ironbound thunderhulks
  10 very ugly things
  3 dire elephants
  3 vampire knights
  22 elemental wellsprings
  5 deep elf death magi (Elf:3)
  6 deep elf demonologists (Elf:3)
  A red draconian (Abyss:3)
  A deep elf annihilator (Elf:3)
  14 wendigos
  The ghost of Oluanan the Fighter, a journeyman DsFi of Hepliaklqana (Lair:3)
  A blizzard demon (Hell)
  4 crystal guardians
  3 iron golems (Hell)
  4 merfolk javelineers
  An ettin (Vaults:1)
  2 entropy weavers
  2 deep elf high priests (Elf:3)
  3 rakshasas
  7 merfolk impalers
  An ice dragon (Hell)
  5 great orbs of eyes
  11 yaktaur captains
  A catoblepas (D:14)
  3 caustic shrike simulacra (Coc:4)
  3 demonspawn (Orc:2)
  12 salamander tyrants
  14 vault guards
  3 peacekeepers (Vaults:3)
  4 hydras
  3 merfolk aquamancers
  A hell beast (Hell)
  A spriggan air mage (Depths:2)
  9 ironbound frosthearts
  4 boulder beetles
  10 anacondas
  9 juggernaut simulacra
  20 dancing weapons
  2 merfolk avatars (Shoals:4)
  7 centaur warriors (Vaults:1)
  2 satyrs (Shoals:4)
  A two-headed ogre (D:9)
  2 alligator snapping turtles
  The ghost of Plog the Covert, a journeyman KoBr of Dithmenos (D:10)
  8 stokers
  10 shock serpents
  A vampire mage (Crypt:3)
  4 death yaks (Lair:5)
  16 naga warriors
  A demonic crawler (Hell)
  53 hell hogs
  An emperor scorpion zombie (Hell)
  7 orc high priests
  3 hell knights
  17 deep elf knights
  3 thrashing horrors (Abyss:3)
  5 sun demons
  13 naga sharpshooters
  2 soul eaters (Hell)
  Nergalle (Lair:2)
  6 wretched stars (Abyss:3)
  5 salamander mystics
  2 shadow wraiths
  8 skysharks
  3 iron trolls (Hell)
  A spark wasp zombie (Crypt:2)
  29 deep trolls
  14 sea snakes
  A spatial maelstrom (Abyss:3)
  A goliath frog (Lair:5)
  A sixfirhy (Orc:2)
  2 quicksilver dragon simulacra (Coc:4)
  An orange crystal statue (Hell)
  3 glowing orange brains (Abyss:3)
  6 deep elf archers
  16 ironbound convokers
  A mana viper (shapeshifter) (Vaults:1)
  18 mana vipers
  An orb spider (Abyss:3)
  5 naga ritualists
  7 orc knights
  5 arcanists
  4 spriggan simulacra
  8 lindwurms
  3 phantasmal warriors (Hell)
  5 necromancers
  33 deep elf pyromancers
  26 harpies
  2 oklob plants
  22 fauns
  15 ugly things
  4 worldbinders
  A shining eye (shapeshifter) (Vaults:4)
  19 deep elf zephyrmancers
  9 orc sorcerers
  A shining eye (Slime:2)
  5 kobold blastminers
  21 large abominations (Abyss:3)
  A will-o-the-wisp (Abyss:3)
  13 manticores
  19 salamanders
  2 stone giant skeletons
  9 cyclopes
  A meliai (shapeshifter) (D:13)
  11 elephants
  2 meliai (D:15)
  33 black mambas
  3 apocalypse crabs (Abyss:3)
  5 merfolk sirens
  3 ice statues
  11 naga magi
  7 smoke demons
  A water nymph (shapeshifter) (Vaults:1)
  2 orange demons
  17 vault sentinels
  5 guardian serpents
  9 water nymphs
  21 cane toads
  2 unseen horrors
  3 titan simulacra
  6 hellions
  Maggie (D:7)
  A yaktaur zombie (Vaults:3)
  An anaconda simulacrum (Coc:3)
  Jeremiah (D:7)
  9 tormentors
  3 freezing wraiths
  22 yaktaurs
  An alligator snapping turtle skeleton (Hell)
  5 ancient zymes (Abyss:3)
  An iron giant simulacrum (Coc:4)
  4 efreet
  5 rime drakes
  4 golden dragon simulacra
  Psyche (D:9)
  7 komodo dragons
  8 wind drakes
  A queen bee (D:15)
  An ice devil (Hell)
  3 trolls
  2 hellwings
  2 tyrant leeches (Lair:5)
  3 red devils
  26 merfolk
  A harpy zombie (Hell)
  2 polar bears
  Prince Ribbit (D:5)
  3 hornets (D:15)
  26 dream sheep
  30 blink frogs
  19 raiju
  11 snapping turtles
  An ice dragon zombie (Hell)
  3 shadows
  3 centaur simulacra
  3 vampires
  An air elemental (Elf:3)
  2 elf skeletons (Vaults:3)
  3 ynoxinuls (Abyss:3)
  4 wyverns
  A dire elephant simulacrum (Coc:6)
  26 slime creatures
  2 wraiths
  An alligator snapping turtle simulacrum (Abyss:3)
  18 starcursed masses (Abyss:3)
  12 water elementals
  5 basilisks
  A fire elemental (Elf:3)
  A warg (Orc:1)
  2 golden eyes (Abyss:3)
  6 steam dragons
  75 yaks
  A neqoxec (Abyss:3)
  A redback (Vaults:1)
  19 humans (D:13)
  15 chaos spawn
  9 vampire mosquitoes
  11 small abominations (Abyss:3)
  Menkaure (D:5)
  5 harpy simulacra
  47 nagas
  A spatial vortex (Abyss:3)
  3 acid dragons
  7 great orb of eyes simulacra (IceCv)
  3 hell hounds (Abyss:3)
  9 water moccasins
  2 hydra simulacra (Coc:7)
  3 sky beasts
  34 orc warriors
  A demonspawn skeleton (Hell)
  7 ettin simulacra
  17 laughing skulls
  7 ogres
  A wolf (shapeshifter) (Elf:1)
  A boggart (Vaults:2)
  6 centaurs
  A phantom (D:6)
  15 wolves
  3 slime creature simulacra (IceCv)
  5 weeping skulls (Abyss:3)
  13 bullfrogs
  2 brain worms (Abyss:3)
  2 earth elementals (Elf:3)
  3 kobold brigands
  3 gnoll sergeants
  3 scorpions
  A naga simulacrum (Coc:7)
  2 glowing shapeshifter simulacra (IceCv)
  6 wights
  13 killer bees
  5 howler monkeys
  2 electric eels
  3 quasits (Abyss:3)
  A gnoll bouda (D:8)
  4 iron imps (Abyss:3)
  A hound (D:4)
  26 orc priests
  5 iguanas
  19 orc wizards
  4 hell rats
  A shapeshifter simulacrum (IceCv)
  19 gnolls
  12 adders
  2 shadow imps
  7 white imps
  6 ufetubi
  2 ribbon worms
  84 orcs
  An endoplasm (D:2)
  4 giant cockroaches (D:1)
  7 hobgoblins
  4 quokkas
  6 ball pythons
  A bat (D:1)
  7 goblins
  21 kobolds
  3 rats
  8 creeping infernos
  10 fire vortices
  11 fulminant prisms
  A lurking horror (Abyss:3)
  2 starspawn tentacles (Abyss:3)
2045 creatures vanquished.

Vanquished Creatures (collateral kills)
  2 dread liches (Vaults:5)
  3 ancient liches
  Mara (Vaults:4)
  Mennas (Depths:4)
  Josephina (Depths:2)
  2 caustic shrikes (Depths:2)
  Geryon (Hell)
  A curse toe (Crypt:3)
  5 golden dragons
  Norris (Depths:3)
  A profane servitor (Abyss:3)
  the Enchantress (Depths:3)
  3 bone dragons
  3 hellephants
  9 Brimstone Fiends (Geh:7)
  An Ice Fiend (Coc:5)
  7 tentacled monstrosities
  8 liches
  2 quicksilver dragons (Depths:2)
  A deep elf master archer (Elf:3)
  3 titans
  2 Executioners (Abyss:3)
  24 acid blobs
  11 tentacled starspawn
  5 ancient champions
  11 sphinxes
  The ghost of Forgeling the Bewitcher, an adept FeEn of Dithmenos (Vaults:2)
  11 shadow dragons
  2 storm dragons
  10 tengu reavers
  17 azure jellies
  The ghost of Gasan the Lord of Darkness, a journeyman DrFE of Kikubaaqudgha (D:13)
  A daeva (Abyss:3)
  A draconian monk (Depths:4)
  The ghost of Kunluaro the Devastator, a journeyman HuEE of Sif Muna (Elf:1)
  A draconian shifter (Depths:4)
  A revenant (Crypt:1)
  3 narguns
  11 frost giants
  24 rockslimes
  8 fire giants
  A caustic shrike zombie (Depths:3)
  A deep elf sorcerer (Elf:1)
  A draconian stormcaller (Depths:4)
  15 balrugs
  7 vault wardens
  4 curse skulls
  3 iron dragons
  A shard shrike simulacrum (Coc:5)
  6 ghouls
  2 ironbound preservers
  4 spriggan defenders
  An angel (Abyss:3)
  2 draconian annihilators (Depths:2)
  7 formless jellyfish
  2 ironbound thunderhulks (Vaults:4)
  An orc warlord (Vaults:3)
  10 stone giants
  14 quicksilver oozes
  17 very ugly things
  A caustic shrike skeleton (Depths:2)
  6 vampire knights
  A juggernaut skeleton (Crypt:3)
  A green draconian (Depths:4)
  7 elemental wellsprings
  A deep elf demonologist (Depths:2)
  A spark wasp (Depths:1)
  9 deep elf death magi
  4 yellow draconians (Depths:4)
  3 black draconians (Depths:4)
  3 red draconians (Depths:4)
  A lorocyproca (Abyss:3)
  3 war gargoyles
  A deep elf annihilator (Depths:2)
  2 wendigos (Coc:3)
  A dire elephant (Vaults:2)
  2 purple draconians (Depths:4)
  3 white draconians (Depths:4)
  11 jiangshi
  6 eidola
  2 green deaths
  13 ettins
  8 fire dragons
  A quicksilver dragon zombie (Hell)
  A deep elf high priest (Vaults:5)
  10 great orbs of eyes
  24 vault guards
  4 rakshasas
  7 ice dragons
  A hydra (D:13)
  A quicksilver dragon skeleton (Abyss:3)
  9 yaktaur captains
  3 caustic shrike simulacra (Coc:3)
  2 entropy weavers
  4 ogre magi
  A salamander tyrant (Geh:7)
  3 spriggan air magi
  A centaur warrior (Vaults:1)
  A juggernaut simulacrum (Coc:3)
  2 spriggan skeletons
  A two-headed ogre (shapeshifter) (Depths:3)
  A boulder beetle (shapeshifter) (Depths:3)
  2 naga warriors (Abyss:3)
  An ironbound frostheart (Vaults:4)
  4 death knights
  9 deep troll shamans
  A boulder beetle (Vaults:4)
  6 dancing weapons (Depths:3)
  A stoker (Geh:7)
  4 thrashing horrors (Abyss:3)
  7 vampire magi
  A demonic crawler (Abyss:3)
  A titan zombie (Abyss:3)
  8 deep troll earth magi
  3 occultists
  6 spriggan berserkers
  7 tengu warriors
  6 hell hogs
  21 hell knights
  9 soul eaters
  4 sun demons
  2 skysharks (Depths:3)
  12 skeletal warriors
  3 shadow wraiths
  10 wretched stars
  5 iron trolls
  4 sixfirhies
  21 large abominations (Abyss:3)
  An iron giant zombie (Abyss:3)
  30 deep trolls
  3 flayed ghosts
  2 quicksilver dragon simulacra (Coc:1)
  A mana viper (Abyss:3)
  2 arcanists
  14 glowing orange brains
  3 spriggan simulacra
  4 bog bodies
  A bunyip skeleton (Crypt:1)
  A glowing orange brain (shapeshifter) (Depths:2)
  A lindwurm (shapeshifter) (Depths:2)
  A swamp dragon (shapeshifter) (Vaults:5)
  13 phantasmal warriors
  A steelbarb worm (shapeshifter) (Vaults:5)
  7 ironbound convokers
  A deep elf zephyrmancer (Elf:1)
  25 starcursed masses (Abyss:3)
  6 orc knights
  13 necromancers
  2 orc sorcerers
  2 fenstrider witch simulacra (Coc:1)
  15 ugly things
  A manticore (D:15)
  A manticore (shapeshifter) (Vaults:5)
  4 shining eyes
  2 fauns (shapeshifter)
  A moth of wrath (shapeshifter) (Vaults:5)
  A jorogumo skeleton (Crypt:3)
  2 tengu skeletons
  3 worldbinders (Abyss:3)
  A centaur zombie (Crypt:2)
  An apocalypse crab (Abyss:3)
  4 elephants (Lair:5)
  A rust devil (Abyss:3)
  A fire giant skeleton (Crypt:1)
  2 guardian serpents (Abyss:3)
  3 vault sentinels
  4 eyes of devastation
  A black mamba (shapeshifter) (Abyss:3)
  10 smoke demons
  4 titan simulacra
  2 hellions
  A centaur skeleton (Abyss:3)
  A molten gargoyle (Hell)
  A catoblepas zombie (Crypt:2)
  10 freezing wraiths
  A redback zombie (Crypt:3)
  5 tengu conjurers
  3 yaktaurs
  A bunyip simulacrum (Coc:2)
  An efreet (Abyss:3)
  A naga skeleton (Crypt:3)
  A spark wasp simulacrum (Depths:2)
  An iron giant simulacrum (Coc:2)
  2 red draconian skeletons
  A tormentor (Abyss:1)
  10 ancient zymes
  5 guardian mummies (Crypt:3)
  4 anaconda simulacra
  A pale draconian skeleton (Crypt:2)
  2 golden dragon simulacra
  A harpy skeleton (Abyss:3)
  A hellwing (Abyss:3)
  A nameless horror (Depths:4)
  2 glass eyes
  13 raiju (Abyss:3)
  A dream sheep (Shoals:4)
  An ice dragon zombie (Crypt:1)
  An ettin zombie (Abyss:3)
  A stone giant simulacrum (Coc:3)
  A shadow (Abyss:3)
  91 slime creatures
  6 ynoxinuls (Abyss:3)
  2 dire elephant simulacra
  An ettin skeleton (Crypt:2)
  5 vampires (Crypt:2)
  8 wraiths
  A yak (D:7)
  9 golden eyes
  A warg (Vaults:5)
  The ghost of ozjimbob the Chopper, an amateur DsGl (D:7)
  2 chaos spawn (Abyss:3)
  6 neqoxecs (Abyss:3)
  6 harpy simulacra
  A naga (Abyss:3)
  A deep troll zombie (Crypt:1)
  A spatial vortex (Abyss:3)
  A swamp worm (shapeshifter) (Elf:1)
  A hydra simulacrum (Coc:3)
  A water moccasin (Lair:5)
  A water nymph skeleton (Crypt:2)
  44 laughing skulls
  A faun skeleton (Crypt:1)
  4 ettin simulacra
  A glowing shapeshifter skeleton (Depths:3)
  An ice beast (Abyss:3)
  A manticore zombie (Crypt:2)
  The ghost of Wizard1ke the Shield-Bearer, an amateur HuFi of Okawaru (D:4)
  A boggart (Vaults:2)
  A centaur (D:7)
  A dream sheep skeleton (Crypt:3)
  An elf zombie (Crypt:3)
  A vine stalker zombie (Crypt:3)
  A weeping skull (Abyss:3)
  2 necrophages
  A bullfrog (D:7)
  A warg zombie (Crypt:1)
  2 brain worms (Abyss:3)
  2 earth elementals
  A naga simulacrum (Coc:1)
  13 small abominations (Abyss:3)
  2 wyvern zombies
  A wyvern skeleton (D:4)
  A hornet simulacrum (D:13)
  A bullfrog zombie (D:4)
  A quasit (Abyss:3)
  An iron imp (Abyss:3)
  A human skeleton (Crypt:1)
  An iguana (D:7)
  An orc wizard (Vaults:5)
  A hell rat (Depths:1)
  A boggart skeleton (Crypt:1)
  A killer bee zombie (Crypt:3)
  An ogre skeleton (Crypt:2)
  7 mummies (Crypt:3)
  3 white imps (Abyss:3)
  An ufetubus (Abyss:3)
  4 orcs
  A gnoll skeleton (Crypt:3)
  A gnoll zombie (Crypt:1)
  A kobold zombie (Crypt:2)
  A creeping inferno (Geh:6)
  A fire vortex (Geh:6)
  A lurking horror (Abyss:3)
  7 starspawn tentacles
1169 creatures vanquished.

Vanquished Creatures (others)
  A shard shrike simulacrum (Coc:5)
  A lorocyproca (Hell)
  A juggernaut simulacrum (Coc:3)
  An ogre mage (Vaults:5)
  A thrashing horror (Abyss:3)
  An occultist (Depths:2)
  A deep elf knight (Elf:2)
  A wretched star (Abyss:3)
  An iron troll (Depths:4)
  A spriggan simulacrum (Coc:3)
  A large abomination (Abyss:3)
  A manticore (Shoals:2)
  A smoke demon (Abyss:3)
  A spark wasp simulacrum (Depths:2)
  2 iron dragon simulacra (Depths:2)
  3 orcs
  1739 fulminant prisms
  9 spectral weapons
  28 starspawn tentacles
1795 creatures vanquished.

Grand Total: 5009 creatures vanquished

Notes
Turn   | Place    | Note
-------+----------+-------------------------------------------
     0 | D:1      | bonscott the Djinni Conjurer began the quest for the Orb.
     0 | D:1      | bonscott set off with the following spells memorised: Magic
                  | Dart, Searing Ray, Fulminant Prism, Iskenderun's Mystic
                  | Blast.
     0 | D:1      | Reached XP level 1. HP: 15/15 MP: 0/0
   162 | D:1      | Found Xoejooll's Armour Boutique.
   188 | D:1      | Reached XP level 2. HP: 19/21 MP: 0/0
   777 | D:2      | Reached XP level 3. HP: 20/25 MP: 0/0
   777 | D:2      | Learned a level 1 spell: Sandblast
   882 | D:2      | Found Veubon's Jewellery Emporium.
  1457 | D:3      | Reached XP level 4. HP: 30/31 MP: 0/0
  2248 | D:4      | Found a transporter.
  2250 | D:4      | Noticed Wizard1ke's ghost (amateur HuFi)
  2255 | D:4      | Found a transporter.
  2354 | D:4      | Noticed a scorpion
  2368 | D:4      | Killed a scorpion
  2369 | D:4      | Reached skill level 5 in Spellcasting
  2369 | D:4      | Reached skill level 5 in Conjurations
  2369 | D:4      | Reached skill level 5 in Hexes
  2369 | D:4      | Reached skill level 5 in Summonings
  2369 | D:4      | Reached skill level 5 in Necromancy
  2369 | D:4      | Reached skill level 5 in Translocations
  2369 | D:4      | Reached skill level 5 in Fire Magic
  2369 | D:4      | Reached skill level 5 in Ice Magic
  2369 | D:4      | Reached skill level 5 in Air Magic
  2369 | D:4      | Reached skill level 5 in Earth Magic
  2369 | D:4      | Reached skill level 5 in Alchemy
  2369 | D:4      | Reached XP level 5. HP: 31/35 MP: 0/0
  2369 | D:4      | Learned a level 2 spell: Ensorcelled Hibernation
  2451 | D:4      | Reached XP level 6. HP: 29/40 MP: 0/0
  3063 | D:5      | Entered Level 5 of the Dungeon
  3063 | D:5      | Noticed an ogre
  3105 | D:5      | Found a shadowy altar of Dithmenos.
  3105 | D:5      | Found an opulent altar of Gozag.
  3105 | D:5      | Found an iron altar of Okawaru.
  3105 | D:5      | Found a broken altar of Ashenzari.
  3106 | D:5      | Found a stormy altar of Qazlal.
  3142 | D:5      | Noticed an ogre
  3148 | D:5      | Killed an ogre
  3149 | D:5      | Reached XP level 7. HP: 38/45 MP: 0/0
  3149 | D:5      | Learned a level 3 spell: Fugue of the Fallen
  3323 | D:5      | Found Ijuculof's Distillery.
  3323 | D:5      | Noticed Prince Ribbit
  3340 | D:5      | Killed Prince Ribbit
  3475 | D:5      | Noticed Menkaure
  3660 | D:5      | Found a sparkling altar of Nemelex Xobeh.
  3803 | D:5      | Reached XP level 8. HP: 27/55 MP: 0/0
  3962 | D:5      | Killed Menkaure
  4094 | D:6      | HP: 2/55 [iguana (12)]
  4441 | D:6      | Found a blossoming altar of Fedhas.
  4532 | D:6      | Found Raisyent's Armour Shoppe.
  4570 | D:6      | Noticed a yak
  4944 | D:6      | Noticed a yak
  4950 | D:6      | Noticed a yak
  5484 | D:6      | Reached XP level 9. HP: 56/59 MP: 0/0
  5484 | D:6      | Learned a level 4 spell: Airstrike
  5973 | D:7      | Identified the +5 ring mail of Tortured Knowledge {rC+++
                  | Regen+ Int-2 Stlth+}
  5999 | D:7      | Found Daiceel's Antique Armour Emporium.
  6005 | D:7      | Noticed Jeremiah
  6079 | D:7      | Noticed Maggie
  6127 | D:7      | Killed Maggie
  6223 | D:7      | Found a runed translucent gate.
  6223 | D:7      | Found a runed translucent gate.
  6223 | D:7      | Found a runed translucent gate.
  6227 | D:7      | Reached skill level 10 in Spellcasting
  6227 | D:7      | Reached skill level 10 in Conjurations
  6227 | D:7      | Reached skill level 10 in Hexes
  6227 | D:7      | Reached skill level 10 in Summonings
  6227 | D:7      | Reached skill level 10 in Necromancy
  6227 | D:7      | Reached skill level 10 in Translocations
  6227 | D:7      | Reached skill level 10 in Fire Magic
  6227 | D:7      | Reached skill level 10 in Ice Magic
  6227 | D:7      | Reached skill level 10 in Air Magic
  6227 | D:7      | Reached skill level 10 in Earth Magic
  6227 | D:7      | Reached skill level 10 in Alchemy
  6229 | D:7      | Noticed ozjimbob's ghost (amateur DsGl)
  6246 | D:7      | Reached XP level 10. HP: 66/67 MP: 0/0
  6291 | D:7      | Found a burning altar of Makhleb.
  6296 | D:7      | Became a worshipper of Makhleb the Destroyer
  6307 | D:7      | Found a flagged portal.
  6318 | Bailey   | Entered a bailey
  6572 | Bailey   | Identified the +11 long sword "Exzywapp" {protect, Dex+3}
  6670 | D:7      | Killed Jeremiah
  6671 | D:7      | Reached skill level 5 in Armour
  6690 | D:7      | Reached skill level 5 in Fighting
  6924 | D:7      | Found a staircase to the Ecumenical Temple.
  7124 | D:8      | Found Cachom's Assorted Antiques.
  7134 | D:8      | Reached * piety under Makhleb
  7210 | D:8      | Bought a scroll labelled POSAMP LOREU for 22 gold pieces
  7210 | D:8      | Bought a scroll labelled AKEWNAV COIV for 22 gold pieces
  7473 | D:8      | Bought a bound marble ring for 110 gold pieces
  7473 | D:8      | Identified the ring "Qiadosh" {rElec rC- rN++ MP+9} (You
                  | bought it in a shop on level 8 of the Dungeon)
  7657 | D:9      | Noticed Psyche
  7669 | D:9      | Killed Psyche
  7718 | D:9      | Reached ** piety under Makhleb
  7723 | D:9      | Noticed a two-headed ogre
  7743 | D:9      | Killed a two-headed ogre
  7744 | D:9      | Reached XP level 11. HP: 74/78 MP: 0/0
  7744 | D:9      | Learned a level 4 spell: Vhi's Electric Charge
  7893 | D:9      | Found a shimmering altar of Xom.
  8366 | D:10     | Entered Level 10 of the Dungeon
  8366 | D:10     | Noticed Plog's ghost (journeyman KoBr)
  8366 | D:10     | Found a runed translucent door.
  8411 | D:10     | Noticed an oklob plant
  8432 | D:10     | Killed an oklob plant
  8436 | D:10     | Found a staircase to the Lair.
  9289 | D:11     | Reached skill level 5 in Shields
  9405 | D:11     | Reached *** piety under Makhleb
 10138 | D:12     | Noticed a green ugly thing
 10154 | D:12     | Killed a green ugly thing
 10296 | D:12     | Noticed an orc knight
 10312 | D:12     | Killed an orc knight
 10313 | D:12     | Reached XP level 12. HP: 54/86 MP: 0/0
 10495 | D:12     | Found a staircase to the Orcish Mines.
 10769 | Lair:1   | Entered Level 1 of the Lair of Beasts
 10875 | Lair:1   | Found a burning altar of Makhleb.
 10939 | Lair:1   | Reached **** piety under Makhleb
 11650 | Lair:2   | Noticed a skyshark
 11660 | Lair:2   | Killed a skyshark
 11761 | Lair:2   | Reached skill level 10 in Shields
 11761 | Lair:2   | Reached XP level 13. HP: 92/92 MP: 0/0
 11761 | Lair:2   | Learned a level 5 spell: Freezing Cloud
 12088 | Lair:2   | Noticed Nergalle
 12099 | Lair:2   | Killed Nergalle
 12335 | Lair:2   | Identified the +1 flail "Suyjopp" {spect, rC+ Str+2 SInv}
 12658 | Lair:3   | Reached ***** piety under Makhleb
 12796 | Lair:3   | Found a runed translucent door.
 12796 | Lair:3   | Noticed Oluanan's ghost (journeyman DsFi)
 13392 | Lair:3   | Found a staircase to the Shoals.
 13450 | Lair:3   | Found a staircase to the Snake Pit.
 13663 | Lair:4   | Reached XP level 14. HP: 98/98 MP: 0/0
 14424 | Lair:5   | Entered Level 5 of the Lair of Beasts
 15165 | Lair:5   | Reached ****** piety under Makhleb
 15232 | Lair:5   | Reached skill level 15 in Shields
 15233 | Lair:5   | Reached XP level 15. HP: 100/103 MP: 0/0
 15233 | Lair:5   | Learned a level 6 spell: Starburst
 15366 | Lair:5   | Found a viscous altar of Jiyva.
 15366 | Lair:5   | Found a staircase to the Slime Pits.
 15543 | Lair:5   | Found the +3 robe of Clouds {*Thunder rCloud rElec}
 16182 | Lair:3   | Killed Oluanan's ghost
 16334 | D:10     | Killed Plog's ghost
 16444 | D:13     | Reached skill level 15 in Spellcasting
 16444 | D:13     | Reached skill level 15 in Conjurations
 16444 | D:13     | Reached skill level 15 in Hexes
 16444 | D:13     | Reached skill level 15 in Summonings
 16444 | D:13     | Reached skill level 15 in Necromancy
 16444 | D:13     | Reached skill level 15 in Translocations
 16444 | D:13     | Reached skill level 15 in Fire Magic
 16444 | D:13     | Reached skill level 15 in Ice Magic
 16444 | D:13     | Reached skill level 15 in Air Magic
 16444 | D:13     | Reached skill level 15 in Earth Magic
 16444 | D:13     | Reached skill level 15 in Alchemy
 16510 | D:13     | Found a runed translucent door.
 16513 | D:13     | Noticed a tengu reaver
 16513 | D:13     | Noticed a lich
 16514 | D:13     | Noticed Gasan's ghost (journeyman DrFE)
 16522 | D:13     | Found a runed translucent door.
 16641 | D:13     | Found a frozen archway.
 16660 | IceCv    | Entered an ice cave
 17069 | IceCv    | Noticed a quicksilver ooze
 17078 | IceCv    | Killed a quicksilver ooze
 17130 | IceCv    | Noticed an azure jelly
 17145 | IceCv    | Killed an azure jelly
 17165 | IceCv    | Noticed an azure jelly
 17181 | IceCv    | Killed an azure jelly
 17231 | IceCv    | Found a viscous altar of Jiyva.
 17247 | IceCv    | Identified the +3 ice dragon scales "Anemil" {+Inv rF- rC++
                  | Int+3 SInv Stlth-}
 17616 | D:13     | Reached skill level 10 in Armour
 17635 | D:13     | Reached skill level 1 in Evocations
 17783 | D:13     | Found a gate to the Vaults.
 17968 | D:13     | Noticed Frances
 18008 | D:13     | Killed Frances
 18059 | D:13     | Reached XP level 16. HP: 108/109 MP: 0/0
 18314 | Orc:1    | Entered Level 1 of the Orcish Mines
 18444 | Orc:2    | Entered Level 2 of the Orcish Mines
 18444 | Orc:2    | Found a transporter.
 18447 | Orc:2    | Found Yzuesch's Assorted Antiques.
 18558 | Orc:2    | Reached skill level 5 in Evocations
 18588 | Orc:2    | Found a transporter.
 18876 | Orc:2    | Found Caecsuf's General Store.
 18936 | Orc:2    | Found Mujoar Yrywe's General Store.
 19628 | Orc:2    | Found Fatseum's Antique Weapon Shoppe.
 19628 | Orc:2    | Found Bepeiv's Jewellery Emporium.
 19629 | Orc:2    | Found a one-way gate leading to the halls of Pandemonium.
 19916 | Orc:2    | Found a staircase to the Elven Halls.
 20274 | Orc:1    | Found Sugaosm's Assorted Antiques.
 20421 | Orc:1    | Bought a coppery potion for 27 gold pieces
 20421 | Orc:1    | Bought a shimmering rapier for 270 gold pieces
 20421 | Orc:1    | Identified the +2 rapier of Pirinenn {flame, ^Contam Will+
                  | Str+4} (You bought it in a shop on level 1 of the Orcish
                  | Mines)
 21113 | D:15     | Entered Level 15 of the Dungeon
 21121 | D:15     | Found a transporter.
 21121 | D:15     | Found a transporter.
 21122 | D:15     | Noticed Jussuw Iff's ghost (adept KoGl)
 21513 | D:15     | Found a glowing silver altar of Zin.
 21672 | D:15     | Found a staircase to the Depths.
 21679 | D:15     | Noticed an emperor scorpion
 21698 | D:15     | Killed an emperor scorpion
 22167 | Snake:1  | Entered Level 1 of the Snake Pit
 22418 | Snake:1  | Noticed Donald
 22430 | Snake:1  | Killed Donald
 22431 | Snake:1  | Reached XP level 17. HP: 116/116 MP: 0/0
 22431 | Snake:1  | Learned a level 7 spell: Summon Hydra
 23278 | Snake:2  | Found Xuraw's General Store.
 23356 | Snake:2  | Bought a potion of heal wounds for 60 gold pieces
 23374 | Snake:2  | Identified the +2 robe "Dodul" {rC+ Str+5 Int+2 Dex-4}
 23719 | Snake:3  | Noticed Bai Suzhen
 23738 | Snake:3  | Killed Bai Suzhen
 24529 | Snake:3  | Noticed Vashnia
 24599 | Snake:3  | Killed Vashnia
 24829 | Snake:3  | Noticed Saint Roka
 24852 | Snake:3  | Killed Saint Roka
 24853 | Snake:3  | Reached XP level 18. HP: 97/122 MP: 0/0
 25298 | Snake:3  | Found Deider's Distillery.
 25383 | Snake:3  | Bought a potion of heal wounds for 80 gold pieces
 25383 | Snake:3  | Bought a potion of heal wounds for 80 gold pieces
 25383 | Snake:3  | Bought a potion of resistance for 160 gold pieces
 25383 | Snake:3  | Bought a potion of haste for 160 gold pieces
 25918 | Snake:4  | Entered Level 4 of the Snake Pit
 26986 | Snake:4  | Got a serpentine rune of Zot
 27074 | Snake:4  | Found a glowing golden altar of the Shining One.
 27202 | Snake:4  | Reached XP level 19. HP: 101/128 MP: 0/0
 27202 | Snake:4  | Learned a level 6 spell: Summon Cactus Giant
 27679 | Shoals:1 | Entered Level 1 of the Shoals
 27763 | Shoals:1 | Identified the +1 pair of boots of the Serpent {rElec
                  | Will++ Str-3}
 28709 | Shoals:2 | Found Taas's Magic Scroll Shop.
 28716 | Shoals:2 | Bought a scroll of identify for 38 gold pieces
 28970 | Shoals:2 | Bought a scroll of fog for 76 gold pieces
 28970 | Shoals:2 | Bought a scroll of blinking for 142 gold pieces
 28970 | Shoals:2 | Bought a scroll of teleportation for 57 gold pieces
 29321 | Shoals:3 | Found Dimnet's Specific Store.
 29322 | Shoals:3 | Found Huylo's General Store.
 29665 | Shoals:4 | Entered Level 4 of the Shoals
 29818 | Shoals:4 | Reached XP level 20. HP: 128/134 MP: 0/0
 29875 | Shoals:4 | Reached skill level 10 in Fighting
 30014 | Shoals:4 | Found an iron altar of Okawaru.
 30361 | Shoals:4 | Identified the +0 great sword of the Harvest {holy, rC+}
 30505 | Shoals:4 | Got a barnacled rune of Zot
 30542 | Shoals:4 | Identified the staff "Feitud" {rElec rPois Hexes Alchemy}
 30806 | D:5      | XGL0
 31015 | D:2      | Bought the ring of the Destroying Fool {Will+ Dex+6} for
                  | 486 gold pieces
 31337 | Elf:1    | Entered Level 1 of the Elven Halls
 31394 | Elf:1    | Found a transporter.
 31395 | Elf:1    | Noticed a tentacled monstrosity
 31458 | Elf:1    | Found a one-way gate to the infinite horrors of the Abyss.
 31458 | Elf:1    | Noticed Kunluaro's ghost (journeyman HuEE)
 31474 | Elf:1    | Found a transporter.
 31522 | Elf:1    | Found Deuxzui's General Store.
 31606 | Elf:1    | Found a huge runed translucent gate.
 31606 | Elf:1    | Found a huge runed translucent gate.
 31630 | Elf:1    | Found a huge runed translucent gate.
 31631 | Elf:1    | Found a huge runed translucent gate.
 31632 | Elf:1    | Found a huge runed translucent gate.
 31632 | Elf:1    | Found a huge runed translucent gate.
 31633 | Elf:1    | Found a huge runed translucent gate.
 31633 | Elf:1    | Found a huge runed translucent gate.
 31634 | Elf:1    | Found a huge runed translucent gate.
 31634 | Elf:1    | Found a huge runed translucent gate.
 31634 | Elf:1    | Found a huge runed translucent gate.
 31634 | Elf:1    | Found a huge runed translucent gate.
 31635 | Elf:1    | Found a huge runed translucent gate.
 31635 | Elf:1    | Found a huge runed translucent gate.
 31635 | Elf:1    | Found a huge runed translucent gate.
 31635 | Elf:1    | Found a huge runed translucent gate.
 31635 | Elf:1    | Found a huge runed translucent gate.
 31635 | Elf:1    | Found a huge runed translucent gate.
 31635 | Elf:1    | Found a huge runed translucent gate.
 31635 | Elf:1    | Found a huge runed translucent gate.
 31761 | Elf:1    | Reached skill level 5 in Dodging
 32533 | Elf:2    | Identified the +6 trident of Gonuc {flame, rC+}
 32586 | Elf:2    | Found a huge runed translucent gate.
 32586 | Elf:2    | Found a huge runed translucent gate.
 32586 | Elf:2    | Found a huge runed translucent gate.
 32586 | Elf:2    | Found a huge runed translucent gate.
 32586 | Elf:2    | Found a huge runed translucent gate.
 32942 | Elf:2    | Reached skill level 10 in Dodging
 33310 | Elf:3    | Entered Level 3 of the Elven Halls
 33318 | Elf:3    | Reached XP level 21. HP: 141/141 MP: 0/0
 33318 | Elf:3    | Learned a level 8 spell: Infestation
 33646 | Elf:3    | Found Genwew's Armour Shop.
 34260 | Elf:3    | Noticed a Tzitzimitl
 34859 | Elf:3    | Identified the +4 scale mail of Unambiguity {rElec Slay+5}
 34859 | Elf:3    | Identified the ring "Cisafeim" {rPois rC- Str+3 Dex+6}
 35049 | Elf:3    | Identified the +11 demon whip "Ofim" {flame, rElec rC-
                  | Int+2 Stlth+}
 35083 | Elf:3    | Identified the +5 ring mail "Eheosoat" {Will+ Stlth+}
 35102 | Elf:3    | Identified the +9 trident of Insufficient Pleasure {holy,
                  | rC+}
 35229 | Elf:3    | Identified the amulet of Soacsu {Spirit rElec rN+ Str-3
                  | Slay+3 Stlth+}
 35431 | Elf:3    | Identified the +1 bardiche of Destiny {vamp, rElec Int+4}
 36154 | Vaults:1 | Entered Level 1 of the Vaults
 36613 | Vaults:1 | Reached skill level 15 in Dodging
 36955 | Vaults:1 | Gained mutation: Your spells are a little easier to cast,
                  | but a little less powerful. [a shining eye]
 37732 | Vaults:2 | Reached XP level 22. HP: 127/147 MP: 0/0
 37950 | Vaults:2 | Found a runed translucent gate.
 37950 | Vaults:2 | Found a runed translucent gate.
 37950 | Vaults:2 | Found a runed translucent gate.
 37984 | Vaults:2 | Noticed Forgeling's ghost (adept FeEn)
 38393 | Vaults:2 | Reached skill level 15 in Armour
 38837 | Vaults:3 | Noticed Jory
 39449 | Vaults:3 | Killed Jory
 39895 | Vaults:3 | Found a staircase to the Crypt.
 39926 | Vaults:3 | Identified the +2 robe "Fabonul" {rElec Str+4 Dex+3}
 40263 | Vaults:3 | Reached XP level 23. HP: 152/152 MP: 0/0
 40263 | Vaults:3 | Learned a level 8 spell: Disjunction
 40628 | Vaults:4 | Noticed Mara
 40647 | Vaults:4 | Killed Mara
 40680 | Vaults:4 | Found the +8 frozen axe "Frostbite" {freeze, freezing
                  | cloud, *Noise Fly rC+}
 41657 | Vaults:4 | Identified the +0 cloak "Mefupem" {Will+}
 41927 | Vaults:5 | Entered Level 5 of the Vaults
 41931 | Vaults:5 | Noticed a golden dragon
 41948 | Vaults:5 | Killed a golden dragon
 41982 | Vaults:5 | Noticed a dread lich
 41992 | Vaults:5 | Killed a dread lich
 42009 | Vaults:5 | Identified the +6 trident of Contradiction {holy, rElec rF-
                  | MP+9 Int-3}
 42022 | Vaults:5 | Reached XP level 24. HP: 145/172 MP: 0/0
 42023 | Vaults:5 | Reached skill level 15 in Fighting
 42041 | Vaults:5 | Identified the storm talisman of Cheibriados's Wrath {rF++
                  | rCorr}
 42160 | Vaults:5 | Noticed a dread lich
 42162 | Vaults:5 | Killed a dread lich
 42200 | Vaults:5 | Found Loxav Atyipt's Magic Scroll Shoppe.
 42214 | Vaults:5 | Got a silver rune of Zot
 42218 | Vaults:5 | Bought a scroll of fog for 76 gold pieces
 42218 | Vaults:5 | Bought a scroll of fog for 76 gold pieces
 42390 | Vaults:5 | Found Oklonnen's Jewellery Shop.
 42622 | Vaults:5 | Identified the +8 scimitar of Deleimon {elec, Will+++ Str-3
                  | Dex+6}
 42631 | Vaults:5 | Noticed an ancient lich
 42642 | Vaults:5 | Killed an ancient lich
 42772 | Vaults:5 | Identified the +1 dagger of Righteous Anger {holy, Will+
                  | Str+3}
 42824 | Vaults:5 | Identified the +2 buckler "Muolacki" {Regen+ Str+4}
 44232 | Vaults:5 | Bought a scroll of acquirement for 988 gold pieces
 44233 | Vaults:5 | Acquired the +7 lajatang of Order {silver, rMut}
 44233 | Vaults:5 | Found the +7 lajatang of Order {silver, rMut}
 45077 | Vaults:2 | Killed Forgeling's ghost
 45101 | Vaults:2 | Identified the +1 hat "Xapsen" {rCorr}
 45402 | D:13     | Killed Gasan's ghost
 45443 | D:13     | Reached skill level 1 in Shapeshifting
 45646 | D:15     | Killed Jussuw Iff's ghost
 45661 | D:15     | Identified the staff of Integrity {rF+ Will+ Fire}
 45884 | D:7      | Killed ozjimbob's ghost
 45975 | D:4      | Killed Wizard1ke's ghost
 46386 | D:2      | Bought the ring of the Tortoise {AC+8} for 1280 gold pieces
 46386 | D:2      | Found the ring of the Tortoise {AC+8}
 46601 | Depths:1 | Entered Level 1 of the Depths
 46853 | Depths:1 | Found a gateway to Hell.
 47066 | Depths:1 | Reached skill level 5 in Shapeshifting
 47459 | Depths:1 | Reached XP level 25. HP: 139/187 MP: 0/0
 47459 | Depths:1 | Learned a level 8 spell: Summon Horrible Things
 48269 | Depths:2 | Identified the ring "Xifidutt" {Ice rN++ Will- MP+9 Int+2}
 48269 | Depths:2 | Noticed Josephina
 48517 | Depths:2 | Killed Josephina
 49346 | Depths:2 | Noticed a caustic shrike
 49418 | Depths:2 | Noticed a caustic shrike
 49438 | Depths:2 | Killed a caustic shrike
 49724 | Depths:2 | Killed a caustic shrike
 49918 | Depths:3 | Identified the amulet "Suysixt" {Acrobat Will- rCorr
                  | Slay+3}
 50204 | Depths:2 | Reached XP level 26. HP: 109/193 MP: 0/0
 50370 | Depths:3 | Found a one-way gateway to a ziggurat.
 50433 | Depths:3 | Noticed Norris
 50435 | Depths:3 | Reached skill level 10 in Shapeshifting
 50447 | Depths:3 | Killed Norris
 50477 | Depths:3 | Found a bloodstained altar of Trog.
 50532 | Depths:3 | Noticed the Enchantress
 50566 | Depths:3 | Killed the Enchantress
 50728 | Depths:3 | Identified the ring "Baovok" {Fire rPois rCorr Str+4 Dex+2}
 51185 | Depths:4 | Entered Level 4 of the Depths
 51345 | Depths:4 | Noticed Mennas
 51372 | Depths:4 | Killed Mennas
 51570 | Depths:4 | Found a runed translucent door.
 51581 | Depths:4 | Found a runed translucent door.
 51586 | Depths:4 | Found a runed translucent door.
 51623 | Depths:4 | Found a runed translucent door.
 51679 | Depths:4 | Found a runed translucent door.
 51706 | Depths:4 | Found a gate to the Realm of Zot.
 51823 | Depths:4 | Found a runed translucent door.
 52903 | Crypt:1  | Entered Level 1 of the Crypt
 53004 | Crypt:1  | Reached XP level 27. HP: 185/199 MP: 0/0
 53004 | Crypt:1  | Learned a level 9 spell: Shatter
 53321 | Crypt:1  | Found a runed door.
 53937 | Crypt:1  | Reached skill level 15 in Shapeshifting
 53980 | Crypt:1  | Identified the ring "Hecrid" {^Contam rN+ rCorr EV+5 Str+2}
 54569 | Crypt:2  | Found a basalt altar of Yredelemnul.
 54838 | Crypt:3  | Entered Level 3 of the Crypt
 54960 | Crypt:3  | Found the +9 sword of Zonguldrok {reap}
 54961 | Crypt:3  | Found the +3 crown of Dyrovepreva {rElec Int+2 SInv}
 55628 | Crypt:3  | Noticed an ancient lich
 55639 | Crypt:3  | Noticed an ancient lich
 55664 | Crypt:3  | Killed an ancient lich
 55667 | Crypt:3  | Killed an ancient lich
 55923 | Crypt:3  | Found a staircase to the Tomb.
 56303 | D:15     | Lost mutation: Your spells are a little easier to cast, but
                  | a little less powerful. [potion of mutation]
 56303 | D:15     | Gained mutation: You are robust. (+10% HP) [potion of
                  | mutation]
 56303 | D:15     | Gained mutation: You have supernaturally acute eyesight.
                  | (SInv) [potion of mutation]
 56607 | Slime:1  | Entered Level 1 of the Pits of Slime
 57001 | Slime:3  | Gained mutation: Your spells are a little easier to cast,
                  | but a little less powerful. [a shining eye]
 57526 | Slime:5  | Entered Level 5 of the Pits of Slime
 57715 | Slime:5  | Noticed the Royal Jelly
 58805 | Slime:5  | Killed the Royal Jelly
 59062 | Slime:5  | Identified the ring "Hajeylon" {Will+ Slay+2}
 59064 | Slime:5  | Identified the amulet "Xoveuhon" {RegenMP rElec rF- rCorr
                  | SInv}
 59073 | Slime:5  | Identified the +3 hand axe of Wuderonk {antimagic, +Blink
                  | rF- Int+7 Stlth-}
 59110 | Slime:5  | Identified the +3 glaive of Afabluch {elec, ^Fragile Will++
                  | SInv Stlth+}
 59118 | Slime:5  | Identified the +8 orcbow "Poawusue" {heavy, Str+3}
 59139 | Slime:5  | Got a slimy rune of Zot
 59162 | Slime:5  | Identified the +10 halberd of Bodily Harmony {flame, rCorr
                  | Str-5 Int+4}
 60015 | Hell     | Entered the Vestibule of Hell
 60079 | Hell     | Gained mutation: Armour fits poorly on your strangely
                  | shaped body. [a cacodemon]
 60205 | Hell     | Noticed Geryon
 60217 | Hell     | Found a gateway to the freezing wastes of Cocytus.
 60322 | Hell     | Killed Geryon
 60439 | Hell     | Found a gateway to the ashen valley of Gehenna.
 60510 | Hell     | Found a gateway to the Iron City of Dis.
 60593 | Hell     | Found a gateway to the decaying netherworld of Tartarus.
 60980 | Shoals:2 | Bought a scroll of acquirement for 988 gold pieces
 60981 | Shoals:2 | Acquired a manual of Staves
 61452 | Elf:1    | Killed Kunluaro's ghost
 61677 | Depths:2 | Voluntarily entered the Abyss.
 61693 | Abyss:1  | Found a corrupted altar of Lugonu.
 61711 | Abyss:1  | Found a corrupted altar of Lugonu.
 61715 | Abyss:1  | Found a corrupted altar of Lugonu.
 61899 | Abyss:1  | Found a corrupted altar of Lugonu.
 61936 | Depths:2 | Escaped the Abyss
 61938 | Depths:2 | Voluntarily entered the Abyss.
 62295 | Abyss:3  | Got an abyssal rune of Zot
 62417 | Depths:2 | Escaped the Abyss
 62419 | Depths:2 | Voluntarily entered the Abyss.
 62485 | Abyss:3  | Found a corrupted altar of Lugonu.
 62524 | Abyss:3  | Found a corrupted altar of Lugonu.
 62541 | Abyss:3  | Gained mutation: Your spells are easier to cast, but less
                  | powerful. [a neqoxec]
 62651 | Depths:2 | Escaped the Abyss
 62653 | Depths:2 | Voluntarily entered the Abyss.
 62818 | Depths:2 | Escaped the Abyss
 62820 | Depths:2 | Voluntarily entered the Abyss.
 63575 | Depths:2 | Escaped the Abyss
 63630 | Depths:2 | Voluntarily entered the Abyss.
 63884 | Depths:2 | Escaped the Abyss
 64086 | Coc:1    | Entered Level 1 of Cocytus
 64375 | Coc:3    | Paralysed by a wendigo for 1 turns
 64735 | Coc:6    | Paralysed by a wendigo for 1 turns
 64737 | Coc:6    | Noticed a shard shrike
 64737 | Coc:6    | Noticed a shard shrike
 64738 | Coc:6    | Noticed a shard shrike
 64741 | Coc:6    | Killed a shard shrike
 64745 | Coc:6    | Killed a shard shrike
 64745 | Coc:6    | Killed a shard shrike
 64775 | Coc:7    | Entered Level 7 of Cocytus
 64790 | Coc:7    | Noticed a shard shrike
 64795 | Coc:7    | Killed a shard shrike
 64824 | Coc:7    | Noticed a shard shrike
 64831 | Coc:7    | Noticed a shard shrike
 64831 | Coc:7    | Noticed a shard shrike
 64834 | Coc:7    | Killed a shard shrike
 64839 | Coc:7    | Killed a shard shrike
 64843 | Coc:7    | Killed a shard shrike
 64850 | Coc:7    | Noticed a shard shrike
 64857 | Coc:7    | Killed a shard shrike
 64912 | Coc:7    | Noticed a shard shrike
 64917 | Coc:7    | Killed a shard shrike
 64958 | Coc:7    | Noticed a shard shrike
 64959 | Coc:7    | Noticed a shard shrike
 64965 | Coc:7    | Killed a shard shrike
 64978 | Coc:7    | Killed a shard shrike
 65007 | Coc:7    | Noticed a shard shrike
 65016 | Coc:7    | Killed a shard shrike
 65195 | Coc:7    | Noticed Antaeus
 65261 | Coc:7    | Paralysed by a wendigo for 1 turns
 65415 | Coc:7    | Killed Antaeus
 65429 | Coc:7    | Got an icy rune of Zot
 65516 | Coc:7    | Noticed a shard shrike
 65522 | Coc:7    | Killed a shard shrike
 65531 | Coc:7    | Identified the +8 storm dragon scales of Recklessness
                  | {rElec rC- rN+ Will+ Dex+2}
 65642 | Coc:7    | Noticed a shard shrike
 65652 | Coc:7    | Killed a shard shrike
 65688 | Coc:7    | Noticed a shard shrike
 65694 | Coc:7    | Killed a shard shrike
 66026 | Geh:1    | Entered Level 1 of Gehenna
 66841 | Geh:6    | Noticed a dread lich
 66844 | Geh:6    | Killed a dread lich
 66864 | Geh:6    | HP: 9/225 [Brimstone Fiend/damnation (33)]
 67409 | Depths:2 | Voluntarily entered the Abyss.
 67526 | Abyss:3  | Reached skill level 10 in Evocations
 67754 | Abyss:3  | Noticed an ancient lich
 67759 | Abyss:3  | Killed an ancient lich
 67798 | Abyss:3  | Paralysed by accursed screaming for 1 turns
 68098 | Depths:2 | Escaped the Abyss
 68430 | Geh:7    | Entered Level 7 of Gehenna
 68591 | Geh:7    | Identified the +1 robe of Viusoumu {Str+8 Int-3 Dex-4}
 69439 | Geh:7    | Found the +13 sceptre of Asmodeus
 69439 | Geh:7    | Noticed Asmodeus
 69548 | Geh:7    | Identified the +1 long sword of Mauf {freeze, rF+ rC+ rCorr
                  | Str+3}
 69578 | Geh:7    | Got an obsidian rune of Zot
 69729 | Dis:1    | Entered Level 1 of the Iron City of Dis
 69735 | Dis:1    | HP: 9/194 [caustic shrike (13)]
 69735 | Dis:1    | Annihilated by a caustic shrike

Illustrated notes

.##.....######....#.....####.####
.................................
.......#####.......#########.###.
.......#####.#.##.## #.# ##
........##...>.#..# #.#
........##.#.###..# #>#
...#.#.......##...####### #.#
...#.###........_.......####.##
...#.##..##.#...@._...........###
###..##.###..............####....
........##..._..⌠....###....#.###
.....#####...........######....#
....########......_..<.....######
..#........#...._...######.......
#####.............### ######## #
#...............# #
#...........)...#


Turn 30806 on D:5: XGL0

Levels and vault maps discovered:
D:1:      heliophobic_arrival_battle_scene, layout_loops_ring, serial_shops,
          nicolae_shop_trees, corexii_leaking_fountain
D:2:      layout_basic, serial_shops, nicolae_shop_statue_plus
D:3:      layout_loops_ring
D:4:      layout_loops_ring, gammafunk_ghost_mausoleum
D:5:      layout_rooms, lemuel_crystal_altar, jmf_multi_god_temple,
          grunt_temple_overflow_open, serial_shops, shop, uniq_menkaure,
          uniq_prince_ribbit1
D:6:      layout_basic, fedhas_ov_isle_minmay, serial_shops, shop_statue
D:7:      nicolae_whirlpool, layout_cave_pools, lightli_temple_of_fire,
          temple_hall, enter_bailey_5, serial_shops, shop,
          gammafunk_ghost_split, uniq_maggie, uniq_jeremiah
D:8:      layout_rooms, serial_shops, shop, st_stairs_9
D:9:      layout_basic, xom_teletrap_fun, uniq_psyche
D:10:     layout_irregular_city, dpeg_oklobed_lair,
          hellmonk_ghost_happy_afterlife
D:11:     layout_loops_ring
D:12:     layout_irregular_city, orc_david_3
D:13:     layout_roguey, grunt_vaults_entry_tiered,
          portal_ice_cave_entry_pillars_1, muffindrake_ghost_dual_entry,
          uniq_frances
D:14:     layout_cave_pools, minmay_misc_feat_enclosed,
          nicolae_elevator_lobby_asterisk
D:15:     hangedman_depths_entry_try_elsewhere_first, layout_loops_ring,
          gammafunk_ghost_hive, hex_tiny, zin_angel
Lair:1:   layout_small_grid, lemuel_oklob_altar
Lair:2:   layout_concentric_octagons, bobbens_dragon_lair_wall, uniq_nergalle
Lair:3:   layout_regular_city, mainiacjoe_shoals_entry_four_pools,
          alex1729_snake_entry_snake, ebering_ghost_inner_flame,
          grunt_forest_small_clearings, nicolae_lair_lindhole
Lair:4:   layout_cave_pods
Lair:5:   minmay_lair_end_frog_pond, layout_hall_layers,
          dpeg_slime_entry_enclosed, serial_forest, infiniplex_forest_lined_3,
          infiniplex_forest_clump_small, infiniplex_forest_end_3,
          infiniplex_forest_clump_diagonal, infiniplex_forest_lined_room_,
          infiniplex_forest_lined_3_way, infiniplex_forest_straight_2
Shoals:1: layout_shoals, nicolae_shoals_lost_giant_baths
Shoals:2: layout_shoals, serial_shops, nicolae_shop_tiny_real_fake_doors
Shoals:3: layout_shoals, nicolae_specific_store
Shoals:4: shoals_end_grunt_garden, layout_shoals, lemuel_altar_in_water
Snake:1:  layout_chambers, serial_bayou_pond_c, uniq_donald
Snake:2:  layout_rooms, serial_shops, shop
Snake:3:  layout_layer_cave, serial_shops, shop, serial_bayou_shore_b,
          uniq_bai_suzhen, uniq_vashnia, uniq_saint_roka
Snake:4:  minmay_snake_end_coiled, layout_rooms, basic_altar,
          beargit_elvish_explorers
Slime:1:  layout_caves
Slime:2:  layout_caves
Slime:3:  layout_caves
Slime:4:  layout_caves
Slime:5:  slime_pit_nicolae_block_by_block
Orc:1:    layout_caves, serial_shops, shop_fountains
Orc:2:    pf_orc_diabolical, layout_diamond_mine, serial_shops,
          nicolae_shop_drivethru
Elf:1:    eino_elf_arrival_the_gate, layout_geoelf_diagonals, serial_shops,
          nicolae_shop_tiny_statue_garden, gammafunk_ghost_abyssal_escape,
          hangedman_elf_represent
Elf:2:    elven_hall_of_blades_hangedman_alternative [grunt_blade_entry_basic],
          layout_geoelf_grid, basic_altar
Elf:3:    elf_hall_gauntlet_narrow, layout_loops_ring, serial_shops, shop,
          hangedman_elf_simple_split
Vaults:1: nicolae_vaults_three_branches, ontoclasm_vaults_tryst,
          vaults_mumra_minichess, nicolae_vaults_shipping_containers_3,
          nicolae_vaults_closet_pinwheel_3, nicolae_vaults_closet_pinwheel_6,
          v_misc_26, nicolae_vaults_trapezoid_lopsided_3, layout_vaults_omnigrid
Vaults:2: gammafunk_ghost_tricky_traps, vaults_room_fancy_cross,
          nicolae_vaults_diamond_1, hangedman_vaults_slice, vaults_mumra_hex,
          nicolae_vaults_door_testing_chamber, v_misc_13,
          grunt_vaults_hallway_long, vaults_mumra_hexcomb,
          nicolae_vaults_six-pack, layout_vaults_ring
Vaults:3: nicolae_vaults_disjoint_gnomons, minmay_crypt_entry_simple_plaza,
          ontoclasm_vaults_misaligned, nicolae_vaults_shrinking_rooms_1,
          hangedman_vaults_stretched_pinwheel, nicolae_vaults_closet_pinwheel_3,
          nicolae_vaults_network_quinsquares
          [nicolae_vaults_network_quincunx_subvault,
          nicolae_vaults_network_quincunx_subvault,
          nicolae_vaults_network_quincunx_subvault,
          nicolae_vaults_network_quincunx_subvault], ontoclasm_vaults_chip,
          ontoclasm_vaults_ligature, nicolae_vaults_little_ls, v_misc_12,
          nicolae_vaults_apartment_1, nicolae_vaults_diagonal_hallway_6,
          ontoclasm_vaults_misaligned, layout_vaults_omnibox, uniq_jory
Vaults:4: ontoclasm_vaults_ring_large, nicolae_vaults_trapezoid_lopsided_2,
          hangedman_vaults_snaps, nicolae_vaults_closet_pinwheel_1,
          nicolae_vaults_security_offices_4, ontoclasm_vaults_twist,
          vaults_room_pools, v_misc_1, ontoclasm_vaults_chip,
          nicolae_vaults_double_plus_3, v_misc_10, nicolae_vaults_alarming,
          ontoclasm_vaults_ring_large, vaults_room_semicircle,
          nicolae_vaults_house_1, layout_vaults_maze_snakey, uniq_mara
Vaults:5
Crypt:1:  evilmike_wizard_prison, layout_catacombs, amcnicky_mini_pool_small,
          small_statue_intersection, st_stairs_12, st_shrine_of_skulls,
          grunt_megastairs_5, grunt_crypt_arrival_webbed
Crypt:2:  layout_misc_corridors, weyrava_vampire_temple
Crypt:3:  david_glass_crypt, layout_rooms, nicolae_tomb_entry_grand_gallery,
          minmay_misc_feat_cross
Depths:1: layout_twisted_cross, hell_entry, nicolae_twisting_strands,
          minivault_12
Depths:2: hangedman_pleasuredromes, abyss_entry, hell_entry, pan_entry,
          uniq_josephina
Depths:3: minmay_stepped, layout_cave_pools, enter_ziggurat_f,
          rand_demon_pan_entry_1, hell_entry, trog_three_pillars_becter,
          abyss_entry_small_statue_room, nicolae_danse_macabre,
          infiniplex_staircase_pillars_3a, uniq_enchantress, uniq_norris
Depths:4: evilmike_zot_entry_castle, layout_basic, pan_entry,
          abyss_entry_glasseish, hell_entry, serial_glass, glass_columns_c,
          glass_columns_a, serial_bayou_shore_b, uniq_mennas
Hell
Dis:1:    layout_subdivisions
Geh:1:    layout_gehenna_lava_caves, lemuel_flamethrower_3
Geh:2:    layout_gehenna_lava_caves, lemuel_flamethrower_2
Geh:3:    layout_gehenna_pools_basic, hangedman_gehenna_grave_pits
Geh:4:    layout_gehenna_pools_triple
Geh:5:    layout_gehenna_pools_basic
Geh:6:    layout_gehenna_pools_basic, nicolae_geh_gnashing_of_teeth
Geh:7:    geh_old
Coc:1:    layout_cocytus_delve, nicolae_coc_icebean_singular
          [nicolae_sub_coc_subbean]
Coc:2:    layout_cocytus_water_paths
Coc:3:    layout_cocytus_delve
Coc:4:    layout_cocytus_water_paths
Coc:5:    layout_cocytus_water_paths
Coc:6:    layout_ice_bergs
Coc:7:    coc_grunt

Skill      XL: |  1  2  3  4  5  6  7  8  9 10 11 12 13 14 15 16 17 18 19 20 21 22 23 24 25 26 27 |
---------------+----------------------------------------------------------------------------------+-----
Spellcasting   | 4 5 6 7 10 11 12 13 14 15 17 19 20 21 22 23 26 | 26.5
Conjurations   | 4 5 6 7 10 11 12 13 14 15 17 19 20 21 22 23 26 | 26.5
Hexes          | 4 5 6 7 10 11 12 13 14 15 17 19 20 21 22 23 26 | 26.5
Summonings     | 4 5 6 7 10 11 12 13 14 15 17 19 20 21 22 23 26 | 26.5
Necromancy     | 4 5 6 7 10 11 12 13 14 15 17 19 20 21 22 23 26 | 26.5
Translocations | 4 5 6 7 10 11 12 13 14 15 17 19 20 21 22 23 26 | 26.5
Fire Magic     | 4 5 6 7 10 11 12 13 14 15 17 19 20 21 22 23 26 | 26.5
Ice Magic      | 4 5 6 7 10 11 12 13 14 15 17 19 20 21 22 23 26 | 26.5
Air Magic      | 4 5 6 7 10 11 12 13 14 15 17 19 20 21 22 23 26 | 26.5
Earth Magic    | 4 5 6 7 10 11 12 13 14 15 17 19 20 21 22 23 26 | 26.5
Alchemy        | 4 5 6 7 10 11 12 13 14 15 17 19 20 21 22 23 26 | 26.5
Armour         | 2 4 5 7 10 11 13 14 15 16 | 16.0
Fighting       | 2 3 6 8 9 10 14 18 20 | 20.0
Shields        | 6 10 12 15 16 | 16.0
Evocations     | 4 8 10 | 10.0
Dodging        | 10 15 21 | 21.0
Shapeshifting  | 5 9 14 23 | 23.0
Stealth        | |  1.5
Unarmed Combat | |  0.1

Action                     |  1- 3 |  4- 6 |  7- 9 | 10-12 | 13-15 | 16-18 | 19-21 | 22-24 | 25-27 || total
---------------------------+-------+-------+-------+-------+-------+-------+-------+-------+-------++-------
  Melee: Dagger            |       |       |     4 |       |       |       |       |       |       ||     4
         Punch             |       |       |     1 |       |       |       |       |       |       ||     1
         Long sword        |       |       |       |    23 |    16 |     8 |     1 |       |       ||    48
         Unarmed           |       |       |       |       |     2 |       |       |       |       ||     2
         Flail             |       |       |       |       |       |       |    11 |    47 |    92 ||   150
         Lajatang          |       |       |       |       |       |       |       |       |    61 ||    61
  Throw: Dart              |       |     1 |     4 |       |       |       |     2 |       |       ||     7
         Javelin           |       |       |       |       |       |     2 |       |       |     6 ||     8
   Cast: Magic Dart        |    57 |    31 |    72 |    89 |    28 |    36 |    18 |     3 |       ||   334
         Searing Ray       |     5 |    14 |    20 |    19 |       |     1 |       |       |       ||    59
         Sandblast         |       |     4 |     2 |       |     1 |    19 |    28 |    28 |       ||    82
         Fugue of the Fall |       |       |     2 |    13 |     9 |    34 |    28 |     8 |    14 ||   108
         Fulminant Prism   |       |       |    24 |   194 |   293 |   459 |   543 |   236 |     4 ||  1753
         Airstrike         |       |       |     8 |    23 |    22 |     2 |    20 |     2 |   229 ||   306
         Iskenderun's Myst |       |       |       |     9 |   145 |   134 |   207 |   143 |    39 ||   677
         Vhi's Electric Ch |       |       |       |     6 |    11 |     1 |     1 |     3 |       ||    22
         Freezing Cloud    |       |       |       |       |    33 |    12 |     9 |    13 |     7 ||    74
         Starburst         |       |       |       |       |    13 |     3 |    30 |    12 |    89 ||   147
         Summon Hydra      |       |       |       |       |       |       |     8 |    79 |   350 ||   437
         Summon Cactus Gia |       |       |       |       |       |       |     3 |    58 |   280 ||   341
         Infestation       |       |       |       |       |       |       |       |    86 |   419 ||   505
         Disjunction       |       |       |       |       |       |       |       |     5 |    40 ||    45
         Summon Horrible T |       |       |       |       |       |       |       |       |   140 ||   140
         Shatter           |       |       |       |       |       |       |       |       |   559 ||   559
Ability: Begin Untransform |       |       |       |       |       |     2 |       |       |     8 ||    10
         Siphon Essence    |       |       |       |       |       |       |       |       |     4 ||     4
         Evoke Blink       |       |       |       |       |       |       |       |       |     1 ||     1
  Evoke: Wand              |       |       |       |       |     1 |    14 |     2 |     3 |    11 ||    31
         Phantom mirror    |       |       |       |       |       |       |       |       |     4 ||     4
         Box of beasts     |       |       |       |       |       |       |       |       |     2 ||     2
         Lightning rod     |       |       |       |       |       |       |       |       |     1 ||     1
         Condenser vane    |       |       |       |       |       |       |       |       |     1 ||     1
    Use: Scroll            |     1 |     5 |     8 |     9 |     5 |     3 |     7 |     3 |    18 ||    59
         Potion            |       |     1 |     2 |       |     1 |     3 |     4 |     2 |     8 ||    21
   Stab: Distracted        |       |       |       |       |       |       |       |       |     2 ||     2
 Armour: Robe              |     4 |    11 |       |       |       |       |       |       |       ||    15
         Leather armour    |       |       |    26 |       |       |       |       |       |       ||    26
         Ring mail         |       |       |    14 |    75 |    94 |   140 |   254 |   159 |   759 ||  1495
  Dodge: Dodged            |     3 |     7 |    36 |    31 |    33 |    47 |   111 |    90 |   598 ||   956
  Block: Other             |       |       |       |     4 |       |       |       |       |       ||     4
         Reflection        |       |       |       |     3 |     2 |    52 |    73 |    31 |    10 ||   171
         Buckler           |       |       |       |    10 |    49 |       |       |       |    72 ||   131
         Kite shield       |       |       |       |       |    12 |   110 |   171 |   120 |   210 ||   623
   Form: Dragon            |       |       |       |       |       |     2 |       |       |     1 ||     3
         Storm             |       |       |       |       |       |       |       |       |     5 ||     5
         Death             |       |       |       |       |       |       |       |       |     4 ||     4
